 Dungeon Crawl Stone Soup version 0.31-a0-232-gb1c03b2570 (webtiles) character file.

Game seed: 13908941137903084989

59 qw the Shooter (level 3, 0/29 HPs)
             Began as a Minotaur Hexslinger on July 7, 2023.
             Slain by Grinder (3 damage)
             ... on level 3 of the Dungeon.
             The game lasted 00:00:47 (1181 turns).

qw the Shooter (Minotaur Hexslinger)                Turns: 1181, Time: 00:00:47

Health: 0/29       AC:  2    Str: 18    XL:     3   Next: 78%
Magic:  3/3        EV: 12    Int: 10    God:
Gold:   117        SH:  0    Dex: 14    Spells: 3/4 levels left

rFire   . . .        Y - +1 sling
rCold   . . .        (no shield)
rNeg    . . .        c - +0 robe
rPois   +            (helmet restricted)
rElec   .            (no cloak)
rCorr   .            (no gloves)
SInv    .            (no boots)
Will    .....        (no amulet)
Stlth   +            f - +6 ring of strength
HPRegen 0.24/turn    i - ring of poison resistance
MPRegen 0.08/turn

%: no passive effects
@: no status effects
A: horns 2, retaliatory headbutt
a: no special abilities


You were on level 3 of the Dungeon.
You visited 1 branch of the dungeon, and saw 3 of its levels.

You collected 117 gold pieces.


Innate Abilities, Weirdness & Mutations

You have a pair of horns on your head.
You reflexively headbutt those who attack you in melee.


   Skills:
 - Level 2.0 Fighting
 + Level 4.3 Ranged Weapons
 - Level 2.1 Dodging
 - Level 1.0 Spellcasting
 - Level 2.0 Hexes


You had 3 spell levels left.
You knew the following spells:

 Your Spells              Type           Power      Damage    Failure   Level
a - Slow                  Hex            16%        N/A       16%         1

Your spell library contained the following spells:

 Spells                   Type           Power      Damage    Failure   Level
 Inner Flame              Hex/Fire       2%         N/A       56%         3
 Portal Projectile        Hex/Tloc       4%         N/A       56%         3
 Cause Fear               Hex            2%         N/A       83%         4

Inventory:

Hand Weapons
 Y - a +1 sling (weapon)
Armour
 c - a +0 robe (worn)
 g - a +0 pair of boots
Jewellery
 f - a +6 ring of strength (left hand)
 i - a ring of poison resistance (right hand)
Potions
 a - 2 potions of haste {unknown}
 b - a potion of might {unknown}
 d - a potion of degeneration {unknown}
 e - a potion of curing {unknown}

Dungeon Overview and Level Annotations

Branches:
Dungeon (3/15)

Altars:
Ashenzari

Shops:
D:1 =

Annotations:
D:3 Grinder


Message History

You kill the worm!
Found a broken altar of Ashenzari.
Enter note:
Enter note:
Enter note: You hear the rusting of a drain very nearby.
a - 2 black potions (gained 1) Grinder comes into view.
Grinder shouts!
Enter note:
Enter note:
Enter note: You shoot a sling bullet.
The sling bullet barely misses Grinder.
You shoot a sling bullet. The sling bullet hits Grinder.
Grinder is lightly wounded.
Grinder gestures at you.
You suddenly lose the ability to move!
Grinder gestures at you. Pain shoots through your body!
You can move again.
You shoot a sling bullet. The sling bullet barely misses Grinder.
You shoot a sling bullet. The sling bullet hits Grinder.
Grinder is moderately wounded.
Grinder closely misses you.
You shoot a sling bullet. The sling bullet hits Grinder.
Grinder is moderately wounded.
Grinder hits you.
You writhe in agony.
Grinder gestures at you. Pain shoots through your body!
You shoot a sling bullet.
The sling bullet hits Grinder but does no damage.
Grinder is moderately wounded.
Grinder hits you.
You writhe in agony.
You shoot a sling bullet. The sling bullet hits Grinder.
Grinder is moderately wounded.
Grinder barely misses you.
You shoot a sling bullet.
The sling bullet closely misses Grinder.
Grinder hits you!
You writhe in agony.
You die...

####### #######
#########....... .......
#.......@5##### #######.
#...###......... >.......
#...###.################.
####................# #.
#########.######.# #. #.#
#.####. #.# #.>.... #.#
########. ##.# #........


You could see Grinder.

Vanquished Creatures
  2 worms
  A dart slug (D:1)
  8 endoplasms
  6 goblins
  6 hobgoblins
  3 jackals (D:2)
  4 kobolds
  2 quokkas (D:1)
  4 ball pythons
  4 bats
  2 frilled lizards (D:1)
  4 rats
46 creatures vanquished.

Notes
Turn   | Place    | Note
-------+----------+-------------------------------------------
     0 | D:1      | qw the Minotaur Hexslinger began the quest for the Orb.
     0 | D:1      | Reached XP level 1. HP: 16/16 MP: 1/1
     0 | D:1      | 0 ||| qw: Version: 0.3-a-46-gb1f654a
     0 | D:1      | 0 ||| qw: Game counter: 2159
     0 | D:1      | 0 ||| qw: Melee chars always use a shield: true
     0 | D:1      | 0 ||| qw: God list: Okawaru
     0 | D:1      | 0 ||| qw: Allow faded altars: false
     0 | D:1      | 0 ||| qw: Do Orc after clearing Dungeon:15 true
     0 | D:1      | 0 ||| qw: Do second Lair branch before Depths: true
     0 | D:1      | 0 ||| qw: Lair rune preference: random
     0 | D:1      | 0 ||| qw: Goals: Normal
     0 | D:1      | 0 ||| PLANNING D:1-11
    39 | D:1      | 39 ||| READING scroll labelled DOTTEO XIABB.
    59 | D:1      | 59 ||| DROPPING scroll of poison.
   122 | D:1      | Reached skill level 3 in Ranged Weapons
   124 | D:1      | Reached XP level 2. HP: 20/23 MP: 2/2
   426 | D:1      | Found Umumul's Jewellery Shoppe.
   434 | D:1      | 434 ||| SHOPLISTING +6 ring of dexterity (360 gold, have
                  | 45).
   434 | D:1      | 434 ||| SHOPLISTING +6 ring of strength (360 gold, have
                  | 45).
   434 | D:1      | 434 ||| SHOPLISTING amulet of reflection (300 gold, have
                  | 45).
   434 | D:1      | 434 ||| SHOPLISTING ring "Daczik" {*Slow +Blink rF+ Int+3}
                  | (397 gold, have 45).
   434 | D:1      | 434 ||| SHOPLISTING ring of Womipp {rN+ Int+3 Stlth+} (361
                  | gold, have 45).
   434 | D:1      | 434 ||| SHOPLISTING ring of ice (250 gold, have 45).
   434 | D:1      | 434 ||| SHOPLISTING ring of willpower (250 gold, have 45).
   449 | D:1      | 449 ||| READING scroll labelled IFFIRO VIQOKH.
   488 | D:2      | 488 ||| STAIRDANCE
   492 | D:1      | Reached XP level 3. HP: 19/29 MP: 3/3
   793 | D:2      | Reached skill level 4 in Ranged Weapons
   982 | D:2      | 982 ||| UPGRADING to +6 ring of strength.
   983 | D:2      | 983 ||| UPGRADING to ring of poison resistance.
   984 | D:2      | 984 ||| READING scroll labelled BOLEIG XOUK.
   985 | D:2      | 985 ||| READING scroll labelled INKAES VAGG.
   986 | D:2      | 986 ||| READING scroll labelled ZOIROQ SUMNA.
   987 | D:2      | 987 ||| READING scroll labelled ZEGHYA FOXE.
   997 | D:3      | Found a faded altar of an unknown god.
   998 | D:3      | 998 ||| PLANNING SEWER
  1119 | D:3      | Found a broken altar of Ashenzari.
  1169 | D:3      | Noticed Grinder
  1171 | D:3      | Paralysed by Grinder for 5 turns
  1181 | D:3      | HP: 3/29 [Grinder (9)]
  1181 | D:3      | Slain by Grinder

Levels and vault maps discovered:
D:1:      roderic_crop_circles_arrival_large, layout_rooms, serial_shops, shop
D:2:      layout_rooms
D:3:      layout_loops_ring, evilmike_ruin_ashenzari,
          nicolae_ecumenical_pavilion, gup_sewer_entry_bubbles, serial_shops,
          nicolae_shop_hallway_stairs, uniq_grinder

Skill      XL: |  1  2  3 |
---------------+----------+-----
Ranged Weapons | 3 4 |  4.3
Fighting       | 2 |  2.0
Dodging        | |  2.1
Spellcasting   | |  1.0
Hexes          | |  2.0

Action                     || total
---------------------------++-------
   Fire: Sling             ||   147
    Use: Scroll            ||     6
 Armour: Robe              ||     6
  Dodge: Dodged            ||    29

Table legend:
 A = Non-vault XP
 B = Vault XP
 C = Vault XP percentage of total XP
 D = Non-vault monster count
 E = Vault monster count
 F = Vault count percentage of total count
                 A         B        C        D         E       F
            +---------+---------+-------+---------+---------+-------
      Total |      85 |       0 |   0.0 |      46 |       0 |   0.0
            +---------+---------+-------+---------+---------+-------
        D:1 |      40 |       0 |   0.0 |      24 |       0 |   0.0
        D:2 |      35 |       0 |   0.0 |      18 |       0 |   0.0
        D:3 |      10 |       0 |   0.0 |       4 |       0 |   0.0
            +---------+---------+-------+---------+---------+-------
